 Dungeon Crawl Stone Soup version 0.29.1-13-g9f3cf754e1 (webtiles) character file.

Game seed: 10536549607708533874

82 wingedge the Conjurer (level 4, -12/35 HPs)
             Began as a Demigod Conjurer on Jan 29, 2023.
             Mangled by bubby's ghost (13 damage)
             ... on level 3 of the Dungeon.
             The game lasted 00:05:32 (2581 turns).

wingedge the Conjurer (Demigod Conjurer)            Turns: 2581, Time: 00:05:32

Health: -12/35     AC:  3    Str:  8    XL:     4   Next: 1%
Magic:  4/9        EV: 12    Int: 24    God:
Gold:   135        SH:  0    Dex: 12    Spells: 2/7 levels left

rFire   . . .      SeeInvis .   p - +1 dagger (venom)
rCold   . . .      Faith    .   (no shield)
rNeg    . . .      Spirit   .   a - +0 robe
rPois   .          Reflect  .   (no helmet)
rElec   .          Harm     .   (no cloak)
rCorr   .          Rampage  .   (no gloves)
Will    .....                   j - +0 pair of boots
Stlth   ++........              (no amulet)
HPRegen 0.11/turn               (no ring)
MPRegen 0.11/turn               (no ring)

@: no status effects
A: high MP 1, forlorn, divine attributes
a: no special abilities


You were on level 3 of the Dungeon.
You visited 1 branch of the dungeon, and saw 3 of its levels.

You collected 135 gold pieces.

Inventory:

Hand Weapons
 h - a +0 rapier
 p - a +1 dagger of venom (weapon)
 s - a +0 short sword of speed
Armour
 a - a +0 robe (worn)
 j - a +0 pair of boots (worn)
 n - a +0 ring mail
Jewellery
 q - a ring of willpower
Scrolls
 c - a scroll of poison
 d - a scroll of fear {unknown}
 f - a scroll of immolation {unknown}
 g - a scroll of teleportation {unknown}
 i - a scroll of magic mapping {unknown}
 l - 3 scrolls of identify
 r - a scroll of enchant armour {unknown}
Potions
 b - a potion of magic
 e - a potion of heal wounds {unknown}
 k - a potion of curing {unknown}
 m - a potion of invisibility {unknown}
 o - a potion of lignification {unknown}


   Skills:
 + Level 1.3 Fighting
 - Level 2.0 Dodging
 - Level 2.0 Stealth
 - Level 2.0 Spellcasting
 + Level 4.6 Conjurations
 + Level 0.5 Necromancy


You had 2 spell levels left.
You knew the following spells:

 Your Spells              Type           Power      Damage    Failure   Level
a - Magic Dart            Conj           96%        1d7       1%          1
b - Searing Ray           Conj           48%        2d6       2%          2
c - Sublimation of Blood  Necr           5%         N/A       14%         2

Your spell library contained the following spells:

 Spells                   Type           Power      Damage    Failure   Level
 Dazzling Flash           Conj/Hex       26%        N/A       14%         3
 Inner Flame              Hex/Fire       2%         N/A       34%         3
 Fulminant Prism          Conj/Hex       6%         3d7       43%         4
 Iskenderun's Mystic Bla  Conj/Tloc      13%        2d5       43%         4
 Cause Fear               Hex            1%         N/A       75%         4
 Petrify                  Tmut/Erth      2%         N/A       75%         4
 Irradiate                Conj/Tmut      6%         3d13      78%         5
 Discord                  Hex            1%         N/A       100%        8


Dungeon Overview and Level Annotations

Branches:
Dungeon (3/15)

Annotations:
D:3 bubby's ghost, amateur VSFi; gdog's ghost, weakling GnDe


Innate Abilities, Weirdness & Mutations

You have an increased reservoir of magic. (+10% MP)
You shall have no god before yourself.
Your divine heritage dramatically boosts your attributes as you level up.


Message History

Here: bubby's ghost (fire blocked by a runed translucent door)
The floor.
Unknown command.
Casting: Searing Ray (safe; 2% risk of failure)
Confirm with . or Enter, or press ? or * to list all spells.
You can't see any susceptible monsters within range! (Use Z to cast anyway.) Gdog's ghost turns its malevolent gaze towards you.
Found 5 stones and a plate armour.
Casting: Searing Ray (safe; 2% risk of failure)
Confirm with . or Enter, or press ? or * to list all spells.
You can't see any susceptible monsters within range! (Use Z to cast anyway.)
You open the gate.
Casting: Searing Ray (safe; 2% risk of failure)
Confirm with . or Enter, or press ? or * to list all spells.
Aiming: Searing Ray (safe; 2% risk of failure)
Press: ? - help, Shift-Dir - straight line, f - bubby's ghost
Aim: bubby's ghost (82% to hit)
The searing ray hits bubby's ghost.
Bubby's ghost is lightly damaged. (Press . to maintain the ray.) Bubby's ghost hits you.
The searing ray misses bubby's ghost.
Gdog's ghost hits you. Bubby's ghost hits you!
The searing ray hits bubby's ghost!
Bubby's ghost is heavily damaged.
Gdog's ghost closely misses you. Bubby's ghost hits you!
The searing ray hits bubby's ghost.
Bubby's ghost is heavily damaged.
You finish channelling your searing ray.
Gdog's ghost hits you!
* * * LOW HITPOINT WARNING * * *
Bubby's ghost misses you.
Unknown command.
As you read the scroll labelled GITEUKABYU, it crumbles to dust.
It is a scroll of identify.
c - a scroll of poison Gdog's ghost hits you.
* * * LOW HITPOINT WARNING * * *
Bubby's ghost hits you!
You die...

#............##.##...#
#..#######......##>.).
#..# ######.......
#..# ######.........
#..####P⌠P(##.####.#.#
#..#..#....8### #.#.#
#.....#.....[ #.#.†
##.#..W.....P #.#.#
#...@W.....⌠ #.#.#
.....#..'.....P #.#.#
....###..#.....( .....
###! #..#....8# #####
# ####P⌠P$## #####


You could see bubby's ghost and gdog's ghost.

Vanquished Creatures
  A gnoll (D:1)
  2 adders
  A dart slug (D:1)
  4 orcs (D:3)
  3 ball pythons
  5 endoplasms
  3 giant cockroaches
  5 goblins
  6 hobgoblins
  2 jackals (D:2)
  2 quokkas
  3 bats
  3 frilled lizards
  2 kobolds
  2 rats
44 creatures vanquished.

Notes
Turn   | Place    | Note
-------+----------+-------------------------------------------
     0 | D:1      | wingedge the Demigod Conjurer began the quest for the Orb.
     0 | D:1      | Reached XP level 1. HP: 14/14 MP: 5/5
   546 | D:1      | Reached XP level 2. HP: 20/20 MP: 2/7
   549 | D:1      | Learned a level 2 spell: Searing Ray
   704 | D:1      | Reached skill level 4 in Conjurations
  1452 | D:2      | Reached XP level 3. HP: 27/27 MP: 2/8
  1874 | D:2      | Reached skill level 1 in Fighting
  1939 | D:2      | Learned a level 2 spell: Sublimation of Blood
  2426 | D:3      | Reached XP level 4. HP: 35/35 MP: 6/9
  2571 | D:3      | Found a runed translucent gate.
  2572 | D:3      | Found a runed translucent gate.
  2572 | D:3      | Found a runed translucent gate.
  2573 | D:3      | Noticed gdog's ghost (weakling GnDe)
  2573 | D:3      | Noticed bubby's ghost (amateur VSFi)
  2581 | D:3      | HP: 1/35 [gdog's ghost (4)]
  2581 | D:3      | Mangled by bubby's ghost

Illustrated notes

Levels and vault maps discovered:
D:1:      ebering_trefoil_3fold, layout_basic, minmay_misc_feat_plants
D:2:      kennysheep_big_flooded_room, layout_loops_ring,
          shapermc_ecumenical_altar_totnotflames
D:3:      layout_loops_ring, gammafunk_ghost_cemetery, moated_statue

Skill      XL: |  1  2  3 |
---------------+----------+-----
Stealth        | 2 |  2.0
Dodging        | 2 |  2.0
Spellcasting   | 2 |  2.0
Conjurations   | 4 |  4.6
Fighting       | 1 |  1.3
Necromancy     | |  0.5

Action                   |  1- 3 |  4- 6 || total
-------------------------+-------+-------++-------
Melee: Dagger            |     6 |       ||     6
 Cast: Magic Dart        |    55 |       ||    55
       Searing Ray       |    13 |     2 ||    15
  Use: Scroll            |       |     1 ||     1
Armor: Robe              |     5 |       ||     5
Dodge: Dodged            |    10 |     2 ||    12
